 Dungeon Crawl Stone Soup version 0.27-a0-1301-g128193abf8 (webtiles) character file.

Game seed: 5724307051880721377

415 AuftragZ the Gusty (level 6, -1/25 HPs)
             Began as a Felid Air Elementalist on June 17, 2021.
             Slain by an ice beast (7 damage)
             ... on level 5 of the Dungeon.
             The game lasted 00:14:06 (5374 turns).

AuftragZ the Gusty (Felid Air Elementalist)         Turns: 5374, Time: 00:14:06

Health: -1/25      AC:  2    Str:  4    XL:     6   Next: 60%
Magic:  7/13       EV: 18    Int: 19    God:
Gold:   167        SH:  0    Dex: 16    Spells: 1/13 levels left
                                        Lives:  0   Deaths: 1

rFire    . . .     SeeInvis +   (weapon unavailable)
rCold    . . .     Faith    .   (shield unavailable)
rNeg     . . .     Spirit   .   (armour unavailable)
rPois    .         Reflect  .   (helmet unavailable)
rElec    .         Harm     .   (cloak unavailable)
rCorr    .         Rampage  .   (gloves unavailable)
Will     .....                  (boots unavailable)
Stlth    +++.......             f - amulet of magic regeneration
HPRegen  0.08/turn              (no ring)
MPRegen  0.38/turn              (no ring)

@: quick
A: very small, claws 1, fangs 3, see invisible, speed 1, shaggy fur 2, stealthy
paws, no weapons or thrown items, no armour, multi-lived
a: no special abilities


You were on level 5 of the Dungeon.
You visited 1 branch of the dungeon, and saw 5 of its levels.

You collected 167 gold pieces.

Inventory:

Jewellery
 f - an amulet of magic regeneration (around neck)
Wands
 h - a wand of flame (8)
 p - a wand of iceblast (9)
Scrolls
 c - 3 scrolls of enchant weapon {unknown}
 i - 2 scrolls of identify {unknown}
 m - a scroll of holy word
 n - a scroll of teleportation
 o - a scroll of magic mapping {unknown}
Potions
 a - 2 potions of heal wounds {unknown}
 b - a potion of berserk rage {unknown}
 d - 2 potions of invisibility {unknown}
 e - a potion of flight {unknown}
 g - 2 potions of attraction {unknown}
 j - 2 potions of haste {unknown}
 k - 2 potions of lignification {unknown}
 l - a potion of curing {unknown}


   Skills:
 + Level 0.3 Fighting
 + Level 4.0 Dodging
 + Level 3.7 Stealth
 + Level 0.3 Unarmed Combat
 + Level 4.2 Spellcasting
 + Level 3.3 Conjurations
 + Level 4.6 Air Magic


You had one spell level left.
You knew the following spells:

 Your Spells              Type           Power      Damage    Failure   Level
a - Shock                 Conj/Air       76%        1d7       2%          1
b - Static Discharge      Conj/Air       19%        N/A       4%          2
c - Airstrike             Air            10%        N/A       21%         4
d - Lightning Bolt        Conj/Air       9%         1d22      58%         5

Your spell library contained the following spells:

 Spells                   Type           Power      Damage    Failure   Level
 Swiftness                Air            21%        N/A       6%          3


Dungeon Overview and Level Annotations

Branches:
Dungeon (5/15)
 Temple: D:4-7

Altars:

Annotations:
D:5 1 runed translucent door


Innate Abilities, Weirdness & Mutations

You have sharp claws.
You have razor-sharp teeth.
You have supernaturally acute eyesight. (SInv)
You cover ground quickly. (Speed+)
You are covered in thick fur. (AC +2)
Your paws help you pounce on unaware monsters.
You are incapable of wielding weapons or throwing items.
You cannot wear armour.
You gain extra lives every three experience levels.


Message History

Confirm with . or Enter, or press ? or * to list all spells.
Aiming: Shock (safe; 2% risk of failure)
Press: ? - help, Shift-Dir - straight line, f/p - ice beast
Aim: an ice beast (heavily wounded, 71% to hit)
The zap hits the ice beast.
The ice beast is heavily wounded.
You closely miss the ice beast.
The ice beast is heavily wounded.
The ice beast hits you but does no damage.
You closely miss the ice beast.
The ice beast is heavily wounded.
The ice beast closely misses you.
Casting: Shock (safe; 2% risk of failure)
Confirm with . or Enter, or press ? or * to list all spells.
Aiming: Shock (safe; 2% risk of failure)
Press: ? - help, Shift-Dir - straight line, f/p - ice beast
Aim: an ice beast (heavily wounded, 71% to hit)
The zap hits the ice beast.
The ice beast is severely wounded.
The ice beast hits you but does no damage.
Casting: Shock (safe; 2% risk of failure)
Confirm with . or Enter, or press ? or * to list all spells.
Aiming: Shock (safe; 2% risk of failure)
Press: ? - help, Shift-Dir - straight line, f/p - ice beast
Aim: an ice beast (severely wounded, 71% to hit)
The zap hits the ice beast.
The ice beast is severely wounded.
The ice beast hits you. The ice beast freezes you!
Casting: Shock (safe; 2% risk of failure)
Confirm with . or Enter, or press ? or * to list all spells.
Okay, then.
Casting: Shock (safe; 2% risk of failure)
Confirm with . or Enter, or press ? or * to list all spells.
The ice beast is struck by an arc of lightning.
The ice beast is almost dead.
You are struck by an arc of lightning.
The lightning grounds out.
The ice beast hits you.
* * * LOW HITPOINT WARNING * * *
The ice beast freezes you!
You die...

........##..##...##
............###...#
............. #..##
.........#..###..#
.....####.##...#
....###......#
#.##......###
##Y)##..####
#.@##......#
##....#....#
#..........#
#...#....<.##
##+##......#
#.≈.#....###
#.≈.#.#### #.≈.#..
#.≈.##.


You could see an ice beast.

Vanquished Creatures
  An ogre (D:4)
  A necrophage (D:4)
  2 centaur skeletons
  An orc priest (D:4)
  2 hounds (D:4)
  A bullfrog skeleton (D:4)
  Jessica (D:2)
  Natasha (thrice) (D:2)
  Robin (D:2)
  4 adders
  An ufetubus (D:5)
  2 worms (D:2)
  3 dart slugs
  4 orcs
  4 bats
  8 endoplasms
  4 giant cockroaches
  15 goblins
  9 hobgoblins
  3 quokkas
  7 ball pythons
  4 frilled lizards
  6 kobolds
  7 rats
94 creatures vanquished.

Notes
Turn   | Place    | Note
-------+----------+-------------------------------------------
     0 | D:1      | AuftragZ the Felid Air Elementalist began the quest for the
                  | Orb.
     0 | D:1      | Reached XP level 1. HP: 7/7 MP: 4/4
   473 | D:1      | Reached XP level 2. HP: 11/11 MP: 3/6
   689 | D:1      | Reached skill level 1 in Conjurations
  1609 | D:2      | Reached XP level 3. HP: 4/14 MP: 0/7
  2437 | D:2      | Noticed Jessica
  2441 | D:2      | Killed Jessica
  2442 | D:2      | Reached XP level 4. HP: 18/18 MP: 5/8
  2674 | D:2      | Noticed Robin
  2683 | D:2      | Killed Robin
  2851 | D:2      | Noticed Natasha
  2857 | D:2      | Killed Natasha
  2858 | D:2      | Reached XP level 5. HP: 14/21 MP: 5/10
  3045 | D:2      | Noticed Natasha
  3051 | D:2      | Killed Natasha
  3102 | D:2      | Noticed Natasha
  3113 | D:2      | Killed Natasha
  3472 | D:3      | Learned a level 2 spell: Static Discharge
  4618 | D:4      | Gained mutation: You are covered in thick fur. (AC +2)
                  | [Felid growth]
  4618 | D:4      | Reached XP level 6. HP: 24/24 MP: 6/12
  4753 | D:4      | Slain by a necrophage
  4754 | D:4      | Reached XP level 5. HP: -1/20 MP: 5/11
  4762 | D:4      | Killed a necrophage
  4763 | D:4      | Reached XP level 6. HP: 24/24 MP: 11/13
  5283 | D:5      | Entered Level 5 of the Dungeon
  5297 | D:5      | Learned a level 4 spell: Airstrike
  5303 | D:5      | Learned a level 5 spell: Lightning Bolt
  5348 | D:5      | Found a runed translucent door.
  5362 | D:5      | Noticed an ice beast
  5374 | D:5      | Slain by an ice beast

Illustrated notes

Levels and vault maps discovered:
D:1:      pf_arrival_petrified_forest, layout_loops_ring,
          kennysheep_nondescript, minmay_heptomino_l4
D:2:      layout_loops_ring, uniq_natasha, uniq_robin, uniq_jessica
D:3:      layout_basic
D:4:      layout_cave_pools, minmay_quadrilaterals
D:5:      layout_cave_pools, lemuel_coloured_pillars_altar,
          ebering_ghost_reflecting_pool

Skill      XL: |  1  2  3  4  5  6 |
---------------+-------------------+-----
Air Magic      | 3 4 |  4.6
Conjurations   | 1 2 3 |  3.3
Dodging        | 3 4 |  4.0
Stealth        | 3 |  3.7
Spellcasting   | 4 |  4.2
Fighting       | |  0.3
Unarmed Combat | |  0.3

Action                   |  1- 3 |  4- 6 || total
-------------------------+-------+-------++-------
Melee: Unarmed           |    11 |     2 ||    13
       Bite              |     1 |       ||     1
 Cast: Shock             |    89 |   173 ||   262
       Static Discharge  |       |     3 ||     3
  Use: Scroll            |       |     4 ||     4
Armor: Skin              |     1 |     6 ||     7
Dodge: Dodged            |    31 |    45 ||    76

Table legend: (Time is in decaauts)
 A = Elapsed time spent in this place.
 B = Non-inter-level travel time spent in this place.
 C = Inter-level travel time spent in this place.
 D = Time resting spent in this place.
 E = Time spent auto-exploring this place.
 F = Levels seen in this place.
 G = Mean time per level.
                   A        B        C        D        E       F      G
               +--------+--------+--------+--------+--------+-----+--------+
         Total |   4791 |   4791 |      0 |   1299 |   2924 |   5 |  958.2 |
       Dungeon |   4791 |   4791 |      0 |   1299 |   2924 |   5 |  958.2 |
               +--------+--------+--------+--------+--------+-----+--------+

Top non-repeatable levels by time:
     D:1: 1695 daAuts
     D:2: 1400 daAuts
     D:3: 933 daAuts
     D:4: 681 daAuts
     D:5: 81 daAuts
